 Dungeon Crawl Stone Soup version 0.31-a0-175-g9f7f995f2b (webtiles) character file.

Game seed: 2076689349564666944

1091 benadryl the Cleaver (level 8, -4/49 HPs)
             Began as a Gargoyle Fighter on June 17, 2023.
             Was a Follower of Okawaru.
             Killed by divine providence
             ... invoked by an orc priest
              (15 damage)
             ... on level 5 of the Dungeon.
             The game lasted 00:05:54 (3198 turns).

benadryl the Cleaver (Gargoyle Fighter)             Turns: 3198, Time: 00:05:55

Health: -4/49      AC: 21    Str: 25    XL:     8   Next: 31%
Magic:  7/9        EV: 10    Int:  9    God:    Okawaru [*.....]
Gold:   257        SH:  5    Dex:  9    Spells: 7/7 levels left

rFire   x . .        a - +0 war axe (heavy)
rCold   . . .        c - +0 buckler
rNeg    + + +        m - +0 chain mail "Jeuxaq" {rF- rN+++ Str+3 Slay+3}
rPois   ∞            (no helmet)
rElec   +            (no cloak)
rCorr   +            (no gloves)
SInv    .            s - +0 pair of boots
Will    .....        (no amulet) Stlth
                     f - ring of resist corrosion
HPRegen 0.28/turn    k - +4 ring of protection
MPRegen 0.11/turn

%: no passive effects
@: heroic
A: sickness immunity, AC +5, negative energy resistance 1, electricity
resistance, torment resistance 1, petrification resistance
a: Renounce Religion, Heroism


You were on level 5 of the Dungeon.
You worshipped Okawaru.
Okawaru was aware of your devotion.
You visited 2 branches of the dungeon, and saw 6 of its levels.

You collected 257 gold pieces.

Inventory:

Hand Weapons
 a - a +0 heavy war axe (weapon)
Armour
 b - a +0 scale mail
 c - a +0 buckler (worn)
 h - a +0 chain mail
 m - the +0 chain mail "Jeuxaq" (worn) {rF- rN+++ Str+3 Slay+3}
   (You found it on level 3 of the Dungeon)

   Str:       It affects your strength (+3).
   Slay:      It affects your accuracy & damage with ranged weapons and melee
   (+3).
   rF:        It makes you vulnerable to fire.
   rN:        It renders you almost immune to negative energy.
 s - a +0 pair of boots (worn)
Jewellery
 f - a ring of resist corrosion (left hand)
 k - a +4 ring of protection (right hand)
Wands
 t - a wand of paralysis (18)
 x - a wand of polymorph (8)
Scrolls
 e - 4 scrolls of poison
 i - a scroll of brand weapon
 l - 2 scrolls of teleportation
 n - 3 scrolls of identify {@r1}
 p - a scroll of vulnerability
 r - 2 scrolls of enchant weapon
 v - a scroll of torment {unknown}
Potions
 d - a potion of might
 g - 2 potions of berserk rage {unknown}
 j - 3 potions of heal wounds
 o - 2 potions of curing {@q1}
 q - a potion of resistance {unknown}
 u - a potion of lignification {unknown}
 w - a potion of invisibility {unknown}


   Skills:
 - Level 5.2(10.2) Fighting
 - Level 8.0(13.0) Axes
 - Level 3.2(8.2) Armour
 - Level 3.2(8.2) Shields
 * Level 2.0 Invocations


You had 7 spell levels left.
You didn't know any spells.
Your spell library contained the following spells:

 Spells                   Type           Power      Damage    Failure   Level
 Magic Dart               Conj           0%         1d3       90%         1
 Lesser Beckoning         Tloc           0%         N/A       97%         2
 Poisonous Vapours        Pois/Air       0%         N/A       97%         2
 Searing Ray              Conj           0%         2d4       97%         2
 Gell's Gravitas          Tloc           0%         N/A       99%         3
 Mephitic Cloud           Conj/Pois/Air  0%         N/A       99%         3
 Teleport Other           Tloc           0%         N/A       99%         3
 Fulminant Prism          Conj/Hex       0%         3d5       100%        4
 Freezing Cloud           Conj/Ice/Air   0%         6-21      100%        5


Dungeon Overview and Level Annotations

Branches:
Dungeon (5/15)             Temple (1/1) D:4

Altars:
Cheibriados
Dithmenos
Elyvilon
Gozag
Kikubaaqudgha
Nemelex Xobeh
Okawaru
Qazlal
Trog
Vehumet
Wu Jian
Yredelemnul
The Shining One

Shops:
D:3 :


Innate Abilities, Weirdness & Mutations

You are immune to sickness and miasma.
Your stone body is resilient. (AC +5)
You are immune to poison.
You resist negative energy. (rN+)
You are resistant to electric shocks. (rElec)
You are resistant to unholy torment.
You are immune to petrification.


Message History

The orc shouts!
You closely miss the orc. The orc barely misses you.
The orc priest mumbles some strange prayers to Beogh against you.
Beogh smites you!
The orc priest hits you but does no damage.
You are too injured to fight recklessly!
You are too injured to fight recklessly!
You are too injured to fight recklessly!
You are too injured to fight recklessly!
You are too injured to fight recklessly!
You are too injured to fight recklessly!
Unknown command.
Okay, then.
You gain the combat prowess of a mighty hero.
The orc hits you but does no damage.
You slice the orc!!
You kill the orc!
Okawaru accepts your kill.
You slash the orc!
You kill the orc!
Okawaru accepts your kill.
You hit the orc priest.
The orc priest is lightly wounded.
You barely miss the orc priest.
The orc priest hits you with a +0 short sword.
The orc priest mumbles some strange prayers to Beogh against you.
Beogh smites you!
* * * LOW HITPOINT WARNING * * *
You hit the orc priest.
The orc priest is heavily wounded.
You slice the orc priest!!
You kill the orc priest!
Okawaru accepts your kill. The orc priest closely misses you.
Your Invocations skill increases to level 2!
You closely miss the orc priest.
The orc priest is heavily wounded.
The orc priest mumbles some strange prayers to Beogh against you.
Beogh smites you!
You die...

### ##.### ##. #....#
#.. #...### ##..
......# ###...####
....######........#
..(..#..###..#....
..##.....###...)o###
..##.#....##..#)@..##
....................###
###.._..####..≈≈≈§....#
.................§..###
..#...........#...###
..#...............##
..#.##.............#
..#.#..............####
......................#


You could see an orc priest.

Vanquished Creatures
  Menkaure (D:4)
  A black bear (D:4)
  An ice beast (D:5)
  An ogre (D:4)
  3 phantoms (D:5)
  A scorpion (D:4)
  An orc priest (D:5)
  2 iguanas
  Terence (D:2)
  A sleepcap (D:5)
  A hound skeleton (D:2)
  7 gnolls
  11 adders
  A shadow imp (D:5)
  An ufetubus (D:5)
  An adder zombie (D:2)
  An adder skeleton (D:2)
  A worm (D:4)
  6 orcs
  6 bats
  5 endoplasms
  2 giant cockroaches (D:2)
  7 goblins
  A hobgoblin (D:1)
  8 jackals
  3 quokkas
  9 ball pythons
  A ball python skeleton (D:2)
  8 frilled lizards
  9 kobolds
  3 quokka zombies (D:2)
  2 rats (D:1)
107 creatures vanquished.

Notes
Turn   | Place    | Note
-------+----------+-------------------------------------------
     0 | D:1      | benadryl the Gargoyle Fighter began the quest for the Orb.
     0 | D:1      | Reached XP level 1. HP: 14/14 MP: 1/1
    88 | D:1      | Reached skill level 2 in Axes
   101 | D:1      | Reached XP level 2. HP: 19/19 MP: 2/2
   790 | D:1      | Reached skill level 3 in Axes
   825 | D:2      | Reached XP level 3. HP: 23/23 MP: 3/3
   893 | D:2      | Noticed Terence
   902 | D:2      | Killed Terence
   903 | D:2      | Reached XP level 4. HP: 22/28 MP: 4/4
   972 | D:2      | Reached skill level 4 in Axes
  1284 | D:2      | Reached XP level 5. HP: 26/32 MP: 5/5
  1492 | D:3      | Found Darchax's Book Shoppe.
  1594 | D:3      | Identified the +0 chain mail "Jeuxaq" {rF- rN+++ Str+3
                  | Slay+3}
  1696 | D:3      | Found a faded altar of an unknown god.
  2079 | D:4      | Noticed Menkaure
  2081 | D:4      | Killed Menkaure
  2082 | D:4      | Reached skill level 5 in Axes
  2082 | D:4      | Reached XP level 6. HP: 37/37 MP: 6/6
  2093 | D:4      | Reached skill level 6 in Axes
  2258 | D:4      | Reached XP level 7. HP: 41/41 MP: 7/7
  2335 | D:4      | Found a staircase to the Ecumenical Temple.
  2441 | Temple   | Entered the Ecumenical Temple
  2456 | Temple   | Became a worshipper of Warmaster Okawaru
  2625 | D:4      | Reached skill level 7 in Axes
  2698 | D:5      | Entered Level 5 of the Dungeon
  2733 | D:5      | Found a radiant altar of Vehumet.
  2750 | D:5      | Reached * piety under Okawaru
  2783 | D:5      | Reached XP level 8. HP: 47/48 MP: 8/8
  2829 | D:5      | Reached skill level 5 in Fighting
  2840 | D:5      | Reached skill level 8 in Axes
  3138 | D:5      | Reached skill level 1 in Invocations
  3198 | D:5      | Killed from afar by an orc priest

Illustrated notes

Levels and vault maps discovered:
D:1:      dpeg_arrival_concentric_ovals, layout_loops_corners
D:2:      layout_rooms, serial_undead, serial_undead_c, serial_undead_e,
          serial_undead_f, serial_undead_f, serial_undead_f, serial_undead_b,
          grunt_ministairs_1, minmay_quantized, uniq_terence
D:3:      layout_loops_ring, serial_shops, nicolae_square_shop,
          ebering_ecumenical_altar_webs
D:4:      layout_rooms, minmay_temple_entry_statues, guppyfry_early_lair_pool,
          uniq_menkaure
D:5:      layout_cave_pools, mainiacjoe_overflow_boulevard
Temple:   hellmonk_temple_of_storms

Skill      XL: |  1  2  3  4  5  6  7  8 |
---------------+-------------------------+-----
Axes           | 2 3 4 5 6 7 8 |  8.0
Fighting       | 4 5 |  5.2
Invocations    | 2 |  2.0
Armour         | |  3.2
Shields        | |  3.2

Action                     |  1- 3 |  4- 6 |  7- 9 || total
---------------------------+-------+-------+-------++-------
  Melee: War axe           |    92 |   128 |    59 ||   279
 Invoke: Heroism           |       |       |     1 ||     1
    Use: Scroll            |     3 |     4 |     3 ||    10
 Armour: Scale mail        |    31 |       |       ||    31
         Chain mail        |    40 |   100 |    50 ||   190
  Dodge: Dodged            |    36 |    51 |    30 ||   117
  Block: Buckler           |    22 |    25 |    10 ||    57

Table legend: (Time is in decaauts)
 A = Elapsed time spent in this place.
 B = Non-inter-level travel time spent in this place.
 C = Inter-level travel time spent in this place.
 D = Time resting spent in this place.
 E = Time spent auto-exploring this place.
 F = Levels seen in this place.
 G = Mean time per level.
                   A        B        C        D        E       F      G
               +--------+--------+--------+--------+--------+-----+--------+
         Total |   3358 |   3223 |    135 |      0 |   2339 |   6 |  559.7 |
       Dungeon |   3327 |   3207 |    120 |      0 |   2335 |   5 |  665.4 |
        Temple |     30 |     15 |     15 |      0 |      4 |   1 |   30.0 |
               +--------+--------+--------+--------+--------+-----+--------+

Top non-repeatable levels by time:
     D:1: 855 daAuts
     D:4: 680 daAuts
     D:3: 658 daAuts
     D:2: 600 daAuts
     D:5: 532 daAuts
  Temple: 30 daAuts
